 Dungeon Crawl Stone Soup version 0.24.0-13-gcf9b3192b9 (webtiles) character file.

Game seed: 16147635068607415841, levelgen mode: deterministic

1367 EriolAelfwine the Charmwright (level 8, 0/57 HPs)
             Began as a Merfolk Skald on Nov 10, 2019.
             Was a Follower of Okawaru.
             Killed by divine providence
             ... invoked by an orc priest
              (15 damage)
             ... on level 7 of the Dungeon.
             The game lasted 00:31:10 (10981 turns).

EriolAelfwine the Charmwright (Merfolk Skald)      Turns: 10981, Time: 00:31:11

Health: 0/57       AC:  8    Str: 12    XL:     8   Next: 65%
Magic:  10/14      EV: 11    Int: 16    God:    Okawaru [*.....]
Gold:   322        SH:  0    Dex: 17    Spells: 10/16 levels left

rFire    + . .     SeeInvis .   E - +0 halberd
rCold    + . .     Gourm    .   (shield currently unavailable)
rNeg     . . .     Faith    .   G - +0 ring mail {rC+}
rPois    .         Spirit   .   u - +1 helmet {Int+3}
rElec    .         Reflect  .   (no cloak)
rCorr    .         Harm     .   (no gloves)
MR       .....                  f - +0 pair of boots
Stlth    +.........             r - amulet of regeneration
HPRegen  0.59/turn              s - ring of protection from fire
MPRegen  0.14/turn              B - +3 ring of dexterity

@: shrouded
A: change form in water, swift swim, stealthy swim
a: Heroism, Renounce Religion


You were on level 7 of the Dungeon.
You worshipped Okawaru.
Okawaru was aware of your devotion.
You were hungry.

You visited 2 branches of the dungeon, and saw 8 of its levels.

You collected 322 gold pieces.

Inventory:

Hand Weapons
 y - a +0 trident
 E - a +0 halberd (weapon)
Missiles
 w - 2 throwing nets (quivered)
Armour
 f - a +0 pair of boots (worn)
 u - a +1 helmet of intelligence (worn)
 G - a +0 ring mail of cold resistance (worn)
Jewellery
 a - an uncursed ring of positive energy
 i - an uncursed ring of ice {unknown}
 j - a +6 amulet of reflection {unknown}
 r - an amulet of regeneration (around neck)
 s - a ring of protection from fire (left hand)
 B - a +3 ring of dexterity (right hand)
Wands
 n - a wand of scattershot (3)
 o - a wand of random effects (17)
 v - a wand of flame (31)
 x - a wand of iceblast (5)
Scrolls
 b - a scroll of enchant weapon
 h - a scroll of identify
 m - a scroll of magic mapping
 q - a scroll of amnesia
 z - 2 scrolls of fog
 C - 2 scrolls of remove curse
 F - a scroll of blinking
Potions
 c - 2 potions of flight
 e - 6 potions of curing
 g - a potion of haste {unknown}
 k - 2 potions of might
 l - 4 potions of brilliance
 p - a potion of heal wounds
 t - a potion of lignification
 D - a potion of mutation
Comestibles
 d - 11 rations


   Skills:
 + Level 2.6 Fighting
 + Level 5.2 Polearms
 + Level 1.7 Armour
 - Level 2.6 Dodging
 - Level 0.5 Stealth
 + Level 4.5 Spellcasting
 - Level 5.0 Hexes
 + Level 6.3 Charms
 - Level 3.0 Translocations
 + Level 0.5 Invocations


You had 10 spell levels left.
You knew the following spells:

 Your Spells              Type           Power        Failure   Level  Hunger
a - Infusion              Chrm           ###.         2%          1    None
b - Shroud of Golubria    Chrm/Tloc      ###...       8%          2    ##.....
c - Spectral Weapon       Hex/Chrm       ###.....     11%         3    ###....

Your spell library contained the following spells:

 Spells                   Type           Power        Failure   Level  Hunger
 Song of Slaying          Chrm           ###.....     4%          2    ##.....
 Regeneration             Chrm/Necr      ##........   28%         3    ###....
 Iskenderun's Battlesphe  Conj/Chrm      ##......     95%         5    ######.
 Bolt of Magma            Conj/Fire/Erth #.........   100%        5    ######.
 Venom Bolt               Conj/Pois      #.........   100%        5    ######.
 Iron Shot                Conj/Erth      #.........   100%        6    #######
 Orb of Destruction       Conj           #.........   100%        7    #######
 Spellforged Servitor     Conj/Summ      #.........   100%        7    #######


Dungeon Overview and Level Annotations

Branches:
Dungeon (7/15)             Temple (1/1) D:5

Altars:
Ashenzari
Cheibriados
Dithmenos
Elyvilon
Fedhas
Hepliaklqana
Kikubaaqudgha
Makhleb
Okawaru
Qazlal
Ru
Sif Muna
Trog
Uskayaw
Vehumet
Wu Jian
Xom
Yredelemnul
Zin
The Shining One

Shops:
D:5 (


Message History

You kill the orc!
Okawaru accepts your kill.
The orc priest hits your spectral weapon with a +0 flail.
Your spectral weapon shares its damage with you!
The orc closely misses your spectral weapon.
The orc priest calls upon Beogh to heal the orc warrior.
The orc warrior is healed somewhat.
The orc priest calls upon Beogh to heal the orc warrior.
The orc warrior's wounds heal themselves!
Items here: )) [ † a +0 antimagic hand axe; a +0 leather armour; a +0 dagger; an orc corpse The orc priest invokes the aid of Beogh against you.
Beogh smites you!
* * * LOW HITPOINT WARNING * * *
The orc throws a boomerang.
The boomerang hits you.
* * * LOW HITPOINT WARNING * * *
The weapon returns to the orc!
The orc priest mumbles some strange prayers to Beogh against you.
Beogh smites you!
You die...

### ##.##########
#....<.......
#######.##########
#.o)o)oo##
#o####o.)##
##(###.oo.o########
#.@...o.o.........o
#..###.....#...5..o
#..# ##...#########
#..# ##.## #..#
##>## #..####...###
#...%.......#
####.##.%.#.#
########.###......#


You could see 2 orc priests, 4 orcs and a friendly spectral +0 halberd.

Vanquished Creatures
  Menkaure (D:4)
  An ogre (D:6)
  A necrophage (D:6)
  A centaur (D:6)
  Blork the orc (D:6)
  2 bullfrogs
  A water moccasin zombie (D:5)
  4 crimson imps
  A jelly (D:6)
  A hound (D:5)
  An orc priest (D:4)
  A centaur skeleton (D:5)
  3 orc wizards
  7 worker ants
  A killer bee zombie (D:5)
  Robin (D:4)
  8 adders
  A shadow imp (D:5)
  3 adder skeletons
  4 worms
  4 leopard geckos
  10 orcs
  5 giant cockroaches
  17 goblins
  11 hobgoblins
  6 jackals
  6 quokkas
  2 ball pythons (D:3)
  5 bats
  5 frilled lizards
  A jackal skeleton (D:5)
  9 kobolds
  A leopard gecko skeleton (D:4)
  A quokka zombie (D:3)
  7 rats
134 creatures vanquished.

Vanquished Creatures (others)
  2 spectral weapons
2 creatures vanquished.

Grand Total: 136 creatures vanquished

Notes
Turn   | Place    | Note
-------+----------+-------------------------------------------
     0 | D:1      | EriolAelfwine the Merfolk Skald began the quest for the
                  | Orb.
     0 | D:1      | Reached XP level 1. HP: 16/16 MP: 3/3
   700 | D:1      | Reached XP level 2. HP: 22/22 MP: 5/5
   704 | D:1      | Learned a level 2 spell: Shroud of Golubria
  1532 | D:1      | Reached skill level 4 in Charms
  1842 | D:2      | Reached XP level 3. HP: 23/27 MP: 6/6
  1847 | D:2      | Learned a level 3 spell: Spectral Weapon
  3200 | D:2      | Reached skill level 1 in Hexes
  3291 | D:2      | Reached XP level 4. HP: 33/33 MP: 1/7
  3303 | D:2      | Found a bloodstained altar of Trog.
  3814 | D:2      | Reached skill level 1 in Translocations
  4268 | D:3      | Reached XP level 5. HP: 38/38 MP: 6/9
  5762 | D:3      | HP: 1/38 [poisoned by a worker ant]
  6260 | D:4      | Reached XP level 6. HP: 39/44 MP: 5/10
  6554 | D:4      | Noticed Robin
  6799 | D:4      | Reached skill level 5 in Charms
  7419 | D:4      | Noticed Menkaure
  7498 | D:4      | Killed Menkaure
  7870 | D:4      | Reached XP level 7. HP: 41/50 MP: 6/12
  7923 | D:4      | Killed Robin
  8451 | D:5      | Entered Level 5 of the Dungeon
  9271 | D:5      | Found Sucoikow's Antique Weapon Boutique.
  9333 | D:5      | Reached XP level 8. HP: 52/56 MP: 8/14
  9593 | D:5      | Found a staircase to the Ecumenical Temple.
  9677 | Temple   | Entered the Ecumenical Temple
  9759 | Temple   | Became a worshipper of Warmaster Okawaru
 10103 | D:6      | Noticed Blork the orc
 10114 | D:5      | Reached skill level 1 in Armour
 10114 | D:5      | Reached skill level 5 in Hexes
 10192 | D:6      | Killed Blork the orc
 10267 | D:6      | Found a blossoming altar of Fedhas.
 10267 | D:6      | Found a burning altar of Makhleb.
 10302 | D:6      | Reached skill level 6 in Charms
 10373 | D:6      | Reached * piety under Okawaru
 10373 | D:6      | Reached skill level 5 in Polearms
 10981 | D:7      | Killed from afar by an orc priest

Levels and vault maps discovered:
D:1:      dpeg_arrival_another_circle, layout_loops_corners, minmay_cut_off
D:2:      layout_loops_ring, kennysheep_crisscross, trog_book
D:3:      layout_basic, first_ration, minmay_vboxes
D:4:      wad_river_or_something, layout_cave_pools, minmay_door_square,
          uniq_robin, uniq_menkaure
D:5:      layout_basic, temple_doors_ab, serial_shops, shop
D:6:      layout_rooms, gammafunk_temple_overflow_statue, nicolae_benzene_ring,
          uniq_blork_the_orc
D:7:      layout_loops_ring, grunt_temple_overflow_opulence
Temple:   dpeg_five_rooms_temple

Skill      XL: |  1  2  3  4  5  6  7  8 |
---------------+-------------------------+-----
Charms         | 4 5 6 |  6.3
Hexes          | 1 2 3 4 5 |  5.0
Translocations | 1 2 3 |  3.0
Spellcasting   | 3 4 |  4.5
Polearms       | 4 5 |  5.2
Armour         | 1 |  1.7
Fighting       | |  2.6
Dodging        | |  2.6
Stealth        | |  0.5
Invocations    | |  0.5

Action                   |  1- 3 |  4- 6 |  7- 9 || total
-------------------------+-------+-------+-------++-------
Melee: Spear             |   167 |   260 |    23 ||   450
       Tailslap          |       |     1 |       ||     1
       Trident           |       |       |    95 ||    95
       Halberd           |       |       |    33 ||    33
 Cast: Infusion          |     5 |     6 |       ||    11
       Shroud of Golubri |     4 |    16 |    19 ||    39
       Spectral Weapon   |       |     3 |    19 ||    22
Invok: Heroism           |       |       |     1 ||     1
  Use: Scroll            |       |    11 |    10 ||    21
       Potion            |       |       |     1 ||     1
 Stab: Sleeping          |       |     3 |     1 ||     4
       Distracted        |       |     1 |     1 ||     2
  Eat: Chunk             |     8 |    15 |    10 ||    33
       Ration            |       |       |     1 ||     1
Armor: Leather armour    |    39 |    48 |    18 ||   105
       Ring mail         |       |       |    24 ||    24
Dodge: Dodged            |    74 |   129 |    96 ||   299
